[Event "Titled Tuesday Blitz March 22 Late 2022"]
[White "Vovk, Orest"]
[Black "Ladan, Nicholas"]
[WhiteFideId "14113490"]
[BlackFideId "30918855"]
[WhiteElo "2203"]
[BlackElo "2167"]
[Result "0-1"]
[Round "10"]
[TimeControl "180+1"]
[Date "2022.03.22"]
[WhiteClock "0:00:27"]
[BlackClock "0:00:13"]

1. h4 h5 2. Nf3 Nf6 3. Ng5 d5 4. e4 dxe4 5. Nc3 Bg4 6. Be2 e6 7. Bxg4 Nxg4 8. Ncxe4 Nc6 9. c3 Qd3 10. Qe2 Nce5 11. Qxd3 Nxd3+ 12. Ke2 Nf4+ 13. Kf3 e5 14. d4 Ng6 15. d5 f5 16. Ng3 e4+ 17. Ke2 Ne7 18. c4 c6 19. d6 Nc8 20. c5 g6 21. Ne6 Kd7 22. Nc7 Rb8 23. f3 Nf6 24. fxe4 Nxd6 25. cxd6 Bxd6 26. exf5 Bxg3 27. Ne6 gxf5 28. Kf3 Kxe6 29. Kxg3 Ne4+ 30. Kf3 Rhg8 31. Bf4 Rbd8 32. Rhd1 c5 33. Rac1 b6 34. g3 Rge8 35. Rxd8 Rxd8 36. Ke2 Rd4 37. a3 a5 38. Be3 Rd5 39. Bf4 a4 40. Rc4 b5 41. Rc1 c4 42. Rc2 Rd3 43. Rc1 Kd5 44. Rg1 Rb3 45. Rd1+ Ke6 46. Rd8 Rxb2+ 47. Ke3 Rb3+ 48. Ke2 Nxg3+ 49. Kf2 Ne4+ 50. Ke2 Rxa3 51. Re8+ Kf7 52. Re5 b4 53. Rxf5+ Kg6 54. Re5 Nc3+ 55. Kd2 Ra2+ 56. Kc1 b3 57. Rg5+ Kf7 0-1


[Site "https://www.chess.com"]

[Event "Titled Tuesday Blitz March 22 Late 2022"]
[White "Weetik, Vjacheslav"]
[Black "Altman, Joshua"]
[WhiteFideId "4153472"]
[BlackFideId "426210"]
[WhiteElo "2469"]
[BlackElo "1945"]
[Result "0-1"]
[Round "10"]
[TimeControl "180+1"]
[Date "2022.03.22"]
[WhiteClock "0:00:03"]
[BlackClock "0:01:01"]

1. d4 Nf6 2. Bf4 e6 3. e3 b6 4. Nf3 Bb7 5. h3 Be7 6. Be2 O-O 7. O-O c5 8. a4 cxd4 9. exd4 a6 10. Re1 d6 11. c3 Nbd7 12. Na3 h6 13. Bh2 Re8 14. Nc4 Qc7 15. Ne3 Bf8 16. Rc1 Rac8 17. Bd3 Qb8 18. Qe2 Qa8 19. Nc4 e5 20. dxe5 dxe5 21. Ncxe5 Nxe5 22. Nxe5 Bxg2 23. Bxa6 Bxh3 24. Qf3 Rxe5 25. Qxh3 Rxe1+ 26. Rxe1 Qxa6 27. Be5 Rc6 28. Bd4 Qxa4 29. Qg2 Qc4 30. Re3 Re6 31. Rg3 Qd5 32. f3 Qf5 33. Kh2 Qd3 0-1


[Site "https://www.chess.com"]

[Event "Titled Tuesday Blitz March 22 Late 2022"]
[White "Zhou, Qiyu"]
[Black "Winkels, Marcel"]
[WhiteFideId "505161"]
[BlackFideId "1003887"]
[WhiteElo "1925"]
[BlackElo "1900"]
[Result "1-0"]
[Round "10"]
[TimeControl "180+1"]
[Date "2022.03.22"]
[WhiteClock "0:00:10"]
[BlackClock "0:00:12"]

1. e4 c5 2. Nf3 d6 3. d4 cxd4 4. Nxd4 Nf6 5. Nc3 a6 6. Be3 e5 7. Nb3 Be6 8. h3 Be7 9. Qf3 b5 10. O-O-O b4 11. Nd5 Bxd5 12. exd5 Nbd7 13. g4 Nb6 14. g5 Nfd7 15. Na5 Bxg5 16. Nc6 Qf6 17. Qg4 Bxe3+ 18. fxe3 Na4 19. Qxb4 Nac5 20. Bd3 O-O 21. Rdf1 Qh6 22. Ne7+ Kh8 23. Nf5 Qf6 24. Rhg1 Nxd3+ 25. cxd3 Nc5 26. Kb1 Nxd3 27. Qxd6 Qxd6 28. Nxd6 f6 29. e4 Rfb8 30. b3 a5 31. Nf7+ Kg8 32. Nh6+ Kh8 33. Nf5 Ra7 34. Rd1 Nc5 35. Rge1 a4 36. b4 Rxb4+ 37. Ka1 Rb8 38. d6 Nd7 39. Ne7 Rab7 40. Nc6 Rc8 41. Ne7 Rc2 42. Rc1 Rbb2 43. Rxc2 Rxc2 44. Rb1 h5 45. Rb2 Rxb2 46. Kxb2 Kh7 47. Ka3 g5 48. Kxa4 g4 49. hxg4 h4 50. Nf5 h3 51. Ng3 h2 52. Kb4 Kg6 53. Kb5 Kg5 54. Kc6 Kxg4 55. Nh1 Nf8 56. d7 Nxd7 57. Kxd7 f5 58. a4 f4 59. a5 f3 60. a6 Kh3 61. a7 Kg2 62. a8=Q f2 63. Nxf2 Kxf2 64. Qa2+ Kg1 65. Qxh2+ Kxh2 66. Kd6 Kg3 67. Kxe5 Kg4 68. Kf6 Kf4 69. e5 Ke4 70. e6 Kd5 71. e7 Kd6 72. e8=Q 1-0


[Site "https://www.chess.com"]

[Event "Titled Tuesday Blitz March 22 Late 2022"]
[White "Zhurbinsky, David"]
[Black "Petesch, Gabriel"]
[WhiteFideId "2072904"]
[BlackFideId "2032465"]
[WhiteElo "2563"]
[BlackElo "2374"]
[Result "0-1"]
[Round "10"]
[TimeControl "180+1"]
[Date "2022.03.22"]
[WhiteClock "0:00:01"]
[BlackClock "0:00:24"]

1. e4 Nf6 2. e5 Nd5 3. Nf3 d6 4. c4 Nb6 5. d4 Nc6 6. Bf4 g6 7. d5 Nb4 8. a3 Na6 9. Nc3 Bg7 10. Bd3 Bg4 11. Qe2 Nc5 12. Bc2 Bxf3 13. gxf3 O-O 14. b3 Ncd7 15. O-O-O Nxe5 16. Ne4 a5 17. a4 Nbd7 18. h4 c6 19. h5 cxd5 20. Rxd5 Qc7 21. Ng5 Nf6 22. Rd2 Qc5 23. hxg6 Qa3+ 24. Kb1 hxg6 25. Bxe5 dxe5 26. Qd3 e4 27. fxe4 Nxe4 28. Qd4 Nxd2+ 29. Qxd2 Qb2# 0-1


[Site "https://www.chess.com"]

[Event "Titled Tuesday Blitz March 22 Late 2022"]
[White "Al-Tarboush, Ward"]
[Black "Rozman, Levy"]
[WhiteFideId "7601450"]
[BlackFideId "2039877"]
[WhiteElo "2276"]
[BlackElo "2376"]
[Result "0-1"]
[Round "11"]
[TimeControl "180+1"]
[Date "2022.03.22"]
[WhiteClock "0:00:11"]
[BlackClock "0:00:17"]

1. e4 d5 2. exd5 Nf6 3. Nf3 Bg4 4. d4 Qxd5 5. Be2 Nc6 6. c4 Qf5 7. Be3 O-O-O 8. Nbd2 e5 9. d5 Nb4 10. O-O g5 11. a3 Nc2 12. Rc1 Nxe3 13. fxe3 Bc5 14. Kh1 Bxe3 15. Nxe5 Qxe5 16. Bxg4+ Kb8 17. Re1 Qd4 18. Rxe3 Qxe3 19. Nf1 Qf4 20. Be2 Rhe8 21. Bd3 Ng4 22. g3 Qd4 23. Rc2 Nf2+ 24. Rxf2 Qxf2 25. Qd2 Qxd2 26. Nxd2 Re1+ 27. Kg2 Rd1 0-1


[Site "https://www.chess.com"]

[Event "Titled Tuesday Blitz March 22 Late 2022"]
[White "Andreikin, Dmitry"]
[Black "Artemiev, Vladislav"]
[WhiteFideId "4158814"]
[BlackFideId "24101605"]
[WhiteElo "2736"]
[BlackElo "2811"]
[Result "1-0"]
[Round "11"]
[TimeControl "180+1"]
[Date "2022.03.22"]
[WhiteClock "0:00:08"]
[BlackClock "0:00:05"]

1. d4 d5 2. Nf3 Nf6 3. c4 e6 4. g3 Be7 5. Bg2 O-O 6. O-O c6 7. Nbd2 b6 8. b3 Bb7 9. Bb2 Nbd7 10. Qc2 c5 11. cxd5 Nxd5 12. Rad1 Rc8 13. Qb1 Qc7 14. e4 N5f6 15. e5 Nd5 16. Ne4 h6 17. Rc1 Qb8 18. Qa1 Nf4 19. gxf4 Bxe4 20. Rfe1 Qb7 21. Nh4 Bxg2 22. Nxg2 cxd4 23. Bxd4 Rxc1 24. Qxc1 Rd8 25. Be3 Nc5 26. Rd1 Rd5 27. Ne1 a5 28. Qc2 g6 29. Nd3 Nxd3 30. Rxd3 Rxd3 31. Qxd3 b5 32. a4 bxa4 33. bxa4 Kg7 34. h3 Qb4 35. Qd7 Bf8 36. Qb5 Qc3 37. Kg2 Bb4 38. Bb6 Qc2 39. Be3 Qe4+ 40. Kg1 Qb1+ 41. Kg2 Qe4+ 42. Kg3 Qb1 43. Kh2 Qe4 44. Qb8 Qf5 45. Qd8 Qe4 46. Qf6+ Kg8 47. Qd8+ Kg7 48. Qd1 Qf5 49. Qe2 Qe4 50. Qb5 Qf5 51. Qc4 h5 52. Bb6 Kh7 53. Bd8 Qb1 54. Bf6 Qb2 55. Kg2 Be1 56. Qc5 Qe2 57. Qa7 Qe4+ 58. Kg1 Kh6 59. Qe3 Qxe3 60. fxe3 g5 61. Bxg5+ Kg6 62. Kg2 Kf5 63. Kf3 Bc3 64. Bf6 Kg6 65. e4 Bd2 66. Bg5 Be1 67. h4 Bc3 68. Ke3 Bb2 69. Kd3 Ba3 70. Kc4 Bb4 71. Kb5 Bd2 72. f5+ exf5 73. exf5+ Kxf5 74. Bxd2 1-0


[Site "https://www.chess.com"]

[Event "Titled Tuesday Blitz March 22 Late 2022"]
[White "Antonova, Nadezhda"]
[Black "Ardila, Oscar Humberto"]
[WhiteFideId "14700182"]
[BlackFideId "4404742"]
[WhiteElo "1751"]
[BlackElo "1966"]
[Result "0-1"]
[Round "11"]
[TimeControl "180+1"]
[Date "2022.03.22"]
[WhiteClock "0:00:03"]
[BlackClock "0:00:07"]

1. Nf3 Nf6 2. b3 e6 3. Bb2 Be7 4. g3 O-O 5. Bg2 d6 6. O-O Nbd7 7. d4 c6 8. c4 Qc7 9. Nc3 e5 10. e4 Re8 11. Rc1 Nf8 12. h3 Ng6 13. Re1 Bd7 14. Qd2 Rad8 15. d5 Bc8 16. a3 a5 17. b4 h6 18. Rc2 Bd7 19. Rec1 axb4 20. axb4 c5 21. bxc5 Qxc5 22. Ne1 Ra8 23. Bf1 Rec8 24. Nd1 Nxe4 25. Qe3 Qxe3 26. Nxe3 Ra2 27. Bd3 Nc5 28. Bf1 f5 29. Bc3 Rxc2 30. Rxc2 f4 31. Nd1 Bf5 32. Rb2 fxg3 33. fxg3 Ra8 34. Ne3 Be4 35. Bb4 Bg5 36. Ng4 b6 37. h4 Bc1 38. Re2 Bf5 39. Ne3 Bxe3+ 40. Rxe3 Ra2 41. Ra3 Rxa3 42. Bxa3 Be4 43. Kf2 Ne7 44. g4 g6 45. Ke3 Bb1 46. Be2 Kg7 47. Nf3 Kf6 48. Nd2 Bc2 49. Bxc5 bxc5 50. Bd3 Bxd3 51. Kxd3 Nc8 52. Ne4+ Ke7 53. g5 hxg5 54. hxg5 Nb6 55. Nf6 Na4 56. Kc2 Nb6 57. Kd3 Nd7 58. Ne4 Nf8 59. Nf6 Nd7 60. Ne4 Nb8 61. Nf6 Na6 62. Kc3 Nb4 63. Ne4 Na2+ 64. Kc2 Kd7 65. Kb3 Nc1+ 66. Kc2 Ne2 67. Nf6+ Ke7 68. Ne4 Nf4 69. Kc3 Nh3 70. Kd3 Nf4+ 71. Kc3 Ne2+ 72. Kc2 Nd4+ 73. Kd3 Nf5 74. Nf6 Kd8 75. Ne4 Kc7 76. Kc3 Kb6 77. Kb3 Ka5 78. Nf6 Nd4+ 79. Kc3 Ka4 80. Ne4 Nf5 81. Nf6 Ka3 82. Ne4 Ka2 83. Nf6 Kb1 84. Ne4 Kc1 85. Kd3 Kd1 86. Nf6 Ke1 87. Nh7 Kf2 88. Nf8 Ne7 89. Ne6 Kf3 90. Nf8 Kg4 91. Ne6 Kf5 92. Ke3 e4 93. Ke2 Ke5 94. Ke3 Nf5+ 95. Ke2 Nd4+ 96. Ke3 Nxe6 97. dxe6 Kxe6 98. Kxe4 Ke7 99. Kd5 Kd7 100. Ke4 Ke6 101. Kf3 d5 102. cxd5+ Kxd5 103. Ke3 c4 104. Kf4 Kd4 0-1


[Site "https://www.chess.com"]

[Event "Titled Tuesday Blitz March 22 Late 2022"]
[White "Avazkhonov, Alikhon"]
[Black "Vovk, Orest"]
[WhiteFideId "14208504"]
[BlackFideId "14113490"]
[WhiteElo "1739"]
[BlackElo "2203"]
[Result "1-0"]
[Round "11"]
[TimeControl "180+1"]
[Date "2022.03.22"]
[WhiteClock "0:00:04"]
[BlackClock "0:00:34"]

1. f4 Nc6 2. Nf3 d6 3. g3 Bf5 4. Bg2 Qd7 5. O-O Bh3 6. d3 Bxg2 7. Kxg2 O-O-O 8. e4 h5 9. h3 h4 10. g4 Nf6 11. Nc3 Nxg4 12. hxg4 Qxg4+ 13. Kh1 Qh5 14. Be3 e5 15. Ng5 f6 16. Qxh5 Rxh5 17. Ne6 Re8 18. f5 g5 19. Nd5 Be7 20. Nexc7 Rg8 21. Nb5 Kd7 22. Rg1 g4 23. Kh2 a6 24. Nbc3 Bd8 25. Rg2 g3+ 26. Kh3 b5 27. Ne2 Rh7 28. Ng1 Rh5 29. Nf3 Rh7 30. Rh1 Rgh8 31. Rgg1 Be7 32. Kg2 Bd8 33. Rh3 Rg8 34. Rgh1 Rhg7 35. Rxh4 Ne7 36. Nxf6+ Kc6 37. Nxg8 Nxg8 38. Rh7 Rg4 39. Rf7 Bb6 40. Bxb6 Kxb6 41. Rh8 d5 42. exd5 Kc5 43. Rxg8 Rxg8 44. Rd7 Re8 45. f6 e4 46. f7 exf3+ 47. Kxf3 Rf8 48. Kxg3 b4 49. Kf4 Rd8 50. Rxd8 1-0


[Site "https://www.chess.com"]

[Event "Titled Tuesday Blitz March 22 Late 2022"]
[White "Bachmann, Axel"]
[Black "Fiol, Fabrice"]
[WhiteFideId "3700488"]
[BlackFideId "611670"]
[WhiteElo "2587"]
[BlackElo "2420"]
[Result "1-0"]
[Round "11"]
[TimeControl "180+1"]
[Date "2022.03.22"]
[WhiteClock "0:00:06"]
[BlackClock "0:00:11"]

1. d4 Nf6 2. g3 e6 3. c4 Bb4+ 4. Nd2 c5 5. dxc5 Bxc5 6. Bg2 O-O 7. Ngf3 Nc6 8. O-O b6 9. a3 Bb7 10. b4 Be7 11. Bb2 d6 12. Rc1 Rc8 13. Nb3 Qc7 14. Qd3 Qb8 15. Rfd1 Rfd8 16. Qb1 d5 17. cxd5 Nxd5 18. Qa1 Bf8 19. Ng5 h6 20. Ne4 a5 21. b5 Na7 22. Nd4 Rxc1 23. Rxc1 e5 24. Nf5 f6 25. a4 Nc8 26. Qa2 Kh8 27. h4 Nce7 28. Nfd6 Rxd6 29. Nxd6 Qxd6 30. Rd1 Qc5 31. Ba3 Qc3 32. Bxe7 Bxe7 33. Bxd5 Bxd5 34. Qxd5 Bc5 35. Qa8+ Kh7 36. Qe4+ Kg8 37. Rd8+ Kf7 38. Qd5+ Kg6 39. Qd3+ Qxd3 40. Rxd3 f5 41. Kg2 e4 42. Rd5 Kf6 43. Rd7 g5 44. h5 f4 45. Rc7 Ke5 46. Rc6 fxg3 47. Kxg3 Kd4 48. Rxh6 Kc4 49. Rf6 e3 50. fxe3 Kb4 51. h6 Bxe3 52. h7 Bd4 53. Rh6 Kxa4 54. h8=Q Bxh8 55. Rxh8 Kxb5 56. Ra8 a4 57. e4 Kb4 58. Kg4 a3 59. e5 Kb3 60. e6 a2 61. e7 b5 62. e8=Q a1=Q 63. Rxa1 b4 64. Re1 Kb2 65. Qe2+ Ka3 66. Qd3+ b3 67. Re3 Ka2 68. Qxb3+ Ka1 69. Re1# 1-0


[Site "https://www.chess.com"]

[Event "Titled Tuesday Blitz March 22 Late 2022"]
[White "Bernal Moro, Luis Javier"]
[Black "Borodavkin, Anatoly"]
[WhiteFideId "2200236"]
[BlackFideId "14150662"]
[WhiteElo "2373"]
[BlackElo "1845"]
[Result "1-0"]
[Round "11"]
[TimeControl "180+1"]
[Date "2022.03.22"]
[WhiteClock "0:01:04"]
[BlackClock "0:00:01"]

1. Nf3 Nc6 2. c4 e5 3. Nc3 d6 4. d4 exd4 5. Nxd4 Nf6 6. g3 Be7 7. Bg2 Nxd4 8. Qxd4 O-O 9. O-O c6 10. Rd1 Be6 11. e4 Nd7 12. b3 Bf6 13. Qd2 Qa5 14. Bb2 Nc5 15. Rab1 d5 16. cxd5 cxd5 17. Nxd5 Qxd2 18. Nxf6+ gxf6 19. Rxd2 Kg7 20. e5 f5 21. Ba3 Rfc8 22. Rc2 Ne4 23. Rbc1 Rd8 24. f3 Nd2 25. Rd1 Nxb3 26. Rxd8 Rxd8 27. axb3 Bxb3 28. Rc1 Rd3 29. f4 b5 30. Bf1 Re3 31. Bc5 1-0


[Site "https://www.chess.com"]

[Event "Titled Tuesday Blitz March 22 Late 2022"]
[White "Bongo Akanga Ndjila, Barthelemy"]
[Black "Piliczewski, Bogusz"]
[WhiteFideId "10609431"]
[BlackFideId "1104144"]
[WhiteElo "1803"]
[BlackElo "1896"]
[Result "0-1"]
[Round "11"]
[TimeControl "180+1"]
[Date "2022.03.22"]
[WhiteClock "0:00:04"]
[BlackClock "0:00:05"]

1. d4 d5 2. c4 c6 3. Nc3 Nf6 4. Nf3 e6 5. e3 Nbd7 6. Qc2 Bd6 7. b3 O-O 8. Be2 Qe7 9. O-O dxc4 10. bxc4 e5 11. d5 cxd5 12. cxd5 Nb6 13. e4 Bb4 14. Bg5 h6 15. Bxf6 Qxf6 16. Nb5 Bg4 17. Qd3 a6 18. Nc3 Rac8 19. Rfc1 Bxf3 20. Bxf3 Qg5 21. Ne2 Bd2 22. Rxc8 Rxc8 23. Rd1 Bb4 24. a3 Bd6 25. g3 Nc4 26. Ra1 Qe7 27. a4 Qd7 28. Kg2 Qc7 29. h3 Qa5 30. Bg4 Rc7 31. Nc3 b5 32. Ra2 Nb2 33. Rxb2 Rxc3 34. Qd2 b4 35. Bf5 Qxa4 36. Ra2 Qb5 37. Rb2 a5 38. Qxc3 bxc3 39. Rxb5 c2 40. Rxa5 c1=Q 41. Ra8+ Bf8 42. Rd8 g6 43. Bg4 Qe1 44. Bf3 h5 45. d6 Kg7 46. d7 Qd2 47. Be2 Be7 48. Re8 Qxd7 49. Ra8 Qd4 50. Bf3 Qd3 51. Ra7 Bf6 52. Ra4 Qd2 53. Ra3 Be7 54. Re3 Bc5 55. Re2 Qd3 56. Kf1 Bd4 57. Kg2 f5 58. Ra2 fxe4 59. Be2 Qc3 60. g4 hxg4 61. hxg4 g5 62. Kg1 Qc1+ 63. Kg2 Qf4 64. Kf1 Qxf2# 0-1


[Site "https://www.chess.com"]

[Event "Titled Tuesday Blitz March 22 Late 2022"]
[White "Clawitter, Craig"]
[Black "Ferreira, Vitor Hugo Vieira"]
[WhiteFideId "2023105"]
[BlackFideId "2119765"]
[WhiteElo "2241"]
[BlackElo "2165"]
[Result "0-1"]
[Round "11"]
[TimeControl "180+1"]
[Date "2022.03.22"]
[WhiteClock "0:00:01"]
[BlackClock "0:01:47"]

1. e4 c5 2. Nf3 d6 3. d4 cxd4 4. Nxd4 Nf6 5. Nc3 a6 6. Be3 e5 7. Nb3 Be6 8. f3 h5 9. Nd5 Bxd5 10. exd5 g6 11. Be2 Bg7 12. O-O O-O 13. Qd2 b6 14. c4 Nbd7 15. Bh6 Nc5 16. Rae1 Re8 17. Bxg7 Kxg7 18. Nc1 e4 19. fxe4 Nfxe4 20. Qd4+ Kg8 21. Nd3 Nxd3 22. Bxd3 Nc5 23. Bc2 a5 24. Qf4 Qd7 25. Qh6 Rxe1 26. Rxe1 Re8 27. Qd2 Rxe1+ 28. Qxe1 Qg4 29. b3 Qd4+ 30. Kf1 Qb2 31. Qb1 Qe5 32. Qe1 Qxh2 33. Qe8+ Kg7 34. Qd8 Qh1+ 35. Kf2 Qc1 36. Bxg6 Qf4+ 37. Kg1 fxg6 38. Qxb6 Ne4 39. Qd4+ Kh7 40. Qa7+ Kh6 41. Qxa5 Qf2+ 42. Kh2 Qg3+ 43. Kg1 Nf2 0-1


[Site "https://www.chess.com"]

[Event "Titled Tuesday Blitz March 22 Late 2022"]
[White "Costachi, Mihnea"]
[Black "Rostovtsev, Dmitry"]
[WhiteFideId "1217518"]
[BlackFideId "34278320"]
[WhiteElo "2464"]
[BlackElo "2359"]
[Result "0-1"]
[Round "11"]
[TimeControl "180+1"]
[Date "2022.03.22"]
[WhiteClock "0:00:16"]
[BlackClock "0:00:02"]

1. e4 e5 2. Nf3 Nc6 3. Bc4 Bc5 4. d3 Nf6 5. c3 d6 6. Bg5 h6 7. Bh4 O-O 8. a4 a6 9. b4 Bb6 10. a5 Ba7 11. Nbd2 Be6 12. O-O g5 13. Bg3 Kg7 14. Qe2 Nh5 15. d4 Nxg3 16. fxg3 exd4 17. Kh1 dxc3 18. Nb3 Qe7 19. Qd3 Kg8 20. Qxc3 Bxc4 21. Qxc4 Qe6 22. Qc3 Qxe4 23. Nbd2 Qg6 24. Rae1 Rfe8 25. Qc4 Re6 26. b5 axb5 27. Qxb5 Rxe1 28. Rxe1 Bf2 29. Qxb7 Rxa5 30. Rf1 Qc2 31. Rxf2 Ra1+ 32. Rf1 Rxf1+ 33. Nxf1 Qd1 34. Nd2 Nd4 35. Qa8+ Kg7 36. Qa3 Ne2 37. Qb2+ Kg8 38. Qf6 Qe1 39. Qxh6 Qf2 40. Qxg5+ Kf8 41. Qe3 Qe1 42. Qh6+ Kg8 43. Qg5+ Kf8 44. h4 c5 45. Qd8+ Kg7 46. Qxd6 Qf2 47. Qe5+ f6 48. Qe7+ Kg6 49. Qe8+ Kh7 50. Qh5+ Kg7 51. Qg4+ Kh8 52. h5 Qg1# 0-1


[Site "https://www.chess.com"]

[Event "Titled Tuesday Blitz March 22 Late 2022"]
[White "Daianu, Cristian-Clement"]
[Black "Zhurbinsky, David"]
[WhiteFideId "1208926"]
[BlackFideId "2072904"]
[WhiteElo "2159"]
[BlackElo "2554"]
[Result "1-0"]
[Round "11"]
[TimeControl "180+1"]
[Date "2022.03.22"]
[WhiteClock "0:00:20"]
[BlackClock "0:00:05"]

1. d4 Nf6 2. Nc3 b6 3. Bg5 Bb7 4. e3 d6 5. Nf3 Nbd7 6. Qd2 g6 7. O-O-O Bg7 8. h4 h6 9. Bf4 e6 10. Kb1 Qe7 11. Bb5 O-O-O 12. Qe2 Nb8 13. e4 Nfd7 14. Rhe1 Bf6 15. e5 dxe5 16. dxe5 Bxh4 17. g3 Bg5 18. Nxg5 hxg5 19. Bc1 Rh2 20. Ne4 Rdh8 21. Bxg5 Qb4 22. Nf6 Nc5 23. a3 Qa5 24. Bd2 Bf3 25. Qc4 Bd5 26. Nxd5 exd5 27. Qg4+ Kb7 28. Bxa5 bxa5 29. Rxd5 Ne6 30. Rd7 Nxd7 31. Bxd7 Nc5 32. Qf3+ Kb8 33. Bc6 Rd8 34. Qc3 Rd6 35. Qxc5 Rxc6 36. Qxc6 Rxf2 37. Rd1 Rf1 38. Rxf1 a6 39. Rd1 a4 40. Rd8+ Ka7 41. Ra8# 1-0


[Site "https://www.chess.com"]

[Event "Titled Tuesday Blitz March 22 Late 2022"]
[White "Deac, Bogdan-Daniel"]
[Black "Pichot, Alan"]
[WhiteFideId "1226380"]
[BlackFideId "110973"]
[WhiteElo "2646"]
[BlackElo "2579"]
[Result "1-0"]
[Round "11"]
[TimeControl "180+1"]
[Date "2022.03.22"]
[WhiteClock "0:00:03"]
[BlackClock "0:00:42"]

1. d4 Nf6 2. c4 e6 3. Nf3 d5 4. g3 Be7 5. Bg2 O-O 6. O-O dxc4 7. Qc2 a6 8. a4 Bd7 9. Qxc4 Bc6 10. Be3 a5 11. Nc3 Na6 12. Rfd1 Nb4 13. Rac1 Bxf3 14. Bxf3 c6 15. Bd2 h6 16. e4 Qb6 17. Be3 Qa6 18. Qb3 Rfd8 19. Be2 Qa7 20. d5 Bc5 21. Bxc5 Qxc5 22. dxe6 fxe6 23. Qxe6+ Kh8 24. Qc4 Qe7 25. Kg2 Re8 26. f3 Nd7 27. Rd2 Ne5 28. Qb3 g5 29. Rcd1 Rf8 30. Rd6 Rf6 31. Rxf6 Qxf6 32. Na2 Qe7 33. Nxb4 axb4 34. Qc2 b6 35. b3 c5 36. Qb2 Kh7 37. Rd5 Nc6 38. Bc4 Rf8 39. Bb5 Qf6 40. Qxf6 Rxf6 41. e5 Re6 42. Bd3+ Kg7 43. f4 Nd4 44. Bc4 gxf4 45. Rxd4 f3+ 46. Kf2 Rxe5 47. Rd7+ Kg6 48. Rd6+ Kg5 49. Kxf3 Rf5+ 50. Kg2 Rf6 51. h4+ 1-0


[Site "https://www.chess.com"]

[Event "Titled Tuesday Blitz March 22 Late 2022"]
[White "Debray, Christopher"]
[Black "Oro, Luis"]
[WhiteFideId "630810"]
[BlackFideId "104094"]
[WhiteElo "2393"]
[BlackElo "2335"]
[Result "0-1"]
[Round "11"]
[TimeControl "180+1"]
[Date "2022.03.22"]
[WhiteClock "0:01:00"]
[BlackClock "0:02:20"]

1. e4 c5 2. c3 Nf6 3. e5 Nd5 4. d4 cxd4 5. Nf3 Nc6 6. cxd4 d6 7. Bc4 Nb6 8. Bb3 g6 9. Qe2 d5 10. O-O Bg7 11. Nc3 Bg4 12. Be3 O-O 13. h3 Bxf3 14. Qxf3 e6 15. Nb5 Qd7 16. Nd6 f6 17. Qg3 fxe5 0-1


[Site "https://www.chess.com"]

[Event "Titled Tuesday Blitz March 22 Late 2022"]
[White "Dolzhykova, Kateryna"]
[Black "Janaszak, Dawid"]
[WhiteFideId "14113414"]
[BlackFideId "1119206"]
[WhiteElo "2184"]
[BlackElo "2199"]
[Result "1-0"]
[Round "11"]
[TimeControl "180+1"]
[Date "2022.03.22"]
[WhiteClock "0:00:39"]
[BlackClock "0:00:44"]

1. e4 c5 2. Nf3 Nc6 3. Bb5 Na5 4. O-O a6 5. Be2 b5 6. Re1 Bb7 7. e5 d5 8. d4 e6 9. Bg5 Qb6 10. Nbd2 cxd4 11. Nb3 Nxb3 12. axb3 Bb4 13. Bd2 Bc5 14. b4 Be7 15. Ra3 Nh6 16. Bxh6 gxh6 17. Qd2 h5 18. Nxd4 h4 19. Bh5 Rg8 20. Rf3 Rg7 21. Qh6 Bf8 22. Qxe6+ Qxe6 23. Nxe6 Rg6 24. Bxg6 hxg6 25. Nc7+ Ke7 26. Nxa8 Bxa8 27. e6 f5 28. Rf4 Kf6 29. Rxh4 Bc6 30. Rh7 Bxb4 31. c3 Bc5 32. e7 b4 33. e8=Q Bxe8 34. Rxe8 bxc3 35. bxc3 d4 36. cxd4 Bxd4 37. Ra8 Kg5 38. Rxa6 1-0


[Site "https://www.chess.com"]

[Event "Titled Tuesday Blitz March 22 Late 2022"]
[White "Domingo Nunez, Alejandro"]
[Black "Weetik, Vjacheslav"]
[WhiteFideId "22245561"]
[BlackFideId "4153472"]
[WhiteElo "2215"]
[BlackElo "2469"]
[Result "0-1"]
[Round "11"]
[TimeControl "180+1"]
[Date "2022.03.22"]
[WhiteClock "0:00:11"]
[BlackClock "0:00:07"]

1. Nf3 Nf6 2. c4 g6 3. Nc3 Bg7 4. g3 c6 5. e4 d6 6. d4 O-O 7. Bg2 Bg4 8. O-O Nfd7 9. h3 Bxf3 10. Bxf3 Qb6 11. Ne2 c5 12. Be3 Nc6 13. dxc5 Nxc5 14. Rb1 Ne5 15. Nf4 Nxc4 16. Bd4 Bxd4 17. Qxd4 Ne5 18. Bg2 Ncd3 19. Qxb6 axb6 20. Nd5 Rxa2 21. Rfd1 Rxb2 22. Rxb2 Nxb2 23. Nxe7+ Kg7 24. Rxd6 Nbc4 25. Rd4 b5 26. Nd5 Ra8 27. Rd1 Ra2 28. f4 Nc6 29. e5 b4 30. Bf1 b5 31. Rb1 Nd4 32. Bxc4 bxc4 33. Rxb4 Ne2+ 34. Kf1 c3 35. Ne3 Nxg3+ 36. Ke1 Re2+ 37. Kd1 Rxe3 38. Kc1 Nf5 39. Kc2 Rxh3 40. Rb7 Re3 41. Kc1 h5 42. Kc2 h4 43. Rb1 h3 44. Rh1 Rf3 45. Kd1 Rxf4 46. Rh2 Re4 47. Kc2 Rxe5 48. Kd3 Re3+ 49. Kc2 Rg3 50. Rxh3 Rxh3 51. Kb3 Nd4+ 52. Kc4 c2 53. Kd5 c1=Q 54. Ke4 Nb3 55. Kd5 Qc5+ 56. Ke4 Re3+ 57. Kf4 Qe5+ 58. Kg4 Rg3+ 59. Kh4 Qg5# 0-1


[Site "https://www.chess.com"]

[Event "Titled Tuesday Blitz March 22 Late 2022"]
[White "Donchenko, Anatoly"]
[Black "Almagro Mazariegos, Sebastian"]
[WhiteFideId "4106091"]
[BlackFideId "2221640"]
[WhiteElo "2339"]
[BlackElo "2273"]
[Result "0-1"]
[Round "11"]
[TimeControl "180+1"]
[Date "2022.03.22"]
[WhiteClock "0:00:01"]
[BlackClock "0:00:12"]

1. Nf3 Nf6 2. d4 g6 3. c4 Bg7 4. Nc3 O-O 5. e4 d6 6. Be2 c5 7. O-O Nc6 8. d5 Na5 9. Bf4 Bg4 10. h3 Bxf3 11. Bxf3 Nxc4 12. Qb3 Na5 13. Qc2 a6 14. e5 Ne8 15. exd6 Nxd6 16. Rfe1 b5 17. Ne4 Rc8 18. Rad1 Nac4 19. b3 Nxe4 20. bxc4 Nd6 21. cxb5 axb5 22. Bg4 Rc7 23. Re2 c4 24. Rde1 Bf6 25. a3 Qa8 26. Re3 Qxd5 27. Bf3 Qc5 28. R3e2 Qxa3 29. Rb1 b4 30. Bc1 Qc3 31. Qa4 b3 32. Bd2 Qd3 33. Rbe1 Nf5 34. Be4 Qd7 35. Qb4 c3 36. Bf4 b2 37. Bxc7 Qxc7 38. Rd1 Rd8 39. Ree1 Rxd1 40. Rxd1 Nd6 41. Bc2 Qc6 42. Qb8+ Kg7 43. Qb3 h5 44. Bb1 Nb5 45. Ba2 e6 46. Bb1 Nd4 47. Rxd4 Bxd4 48. Qc2 Qc5 49. Kf1 h4 50. Qd3 f5 51. Qe2 Kf6 52. Qc2 Bxf2 0-1


[Site "https://www.chess.com"]

[Event "Titled Tuesday Blitz March 22 Late 2022"]
[White "Erdogdu, Mert"]
[Black "Tan, Jun Ying"]
[WhiteFideId "6301495"]
[BlackFideId "5710413"]
[WhiteElo "2485"]
[BlackElo "1827"]
[Result "0-1"]
[Round "11"]
[TimeControl "180+1"]
[Date "2022.03.22"]
[WhiteClock "0:00:06"]
[BlackClock "0:00:07"]

1. e4 c5 2. Nf3 Nc6 3. d4 cxd4 4. Nxd4 Nf6 5. Nc3 d6 6. Bg5 e6 7. Qd2 a6 8. O-O-O h6 9. Be3 Be7 10. f3 Nxd4 11. Bxd4 b5 12. Kb1 Rb8 13. Ba7 Rb7 14. Be3 O-O 15. g4 b4 16. Ne2 d5 17. e5 Nd7 18. f4 Nb6 19. b3 d4 20. Bxd4 Nd5 21. Bg2 Rd7 22. Qc1 Bb7 23. Ka1 Qa8 24. Bxd5 Bxd5 25. Rhg1 Bf3 26. Bb2 Rxd1 27. Qxd1 Qe4 28. Qd7 Bc5 29. Nd4 Qxf4 30. Rf1 Bxd4 31. Bxd4 Qxg4 32. Bc5 Rb8 33. Qd6 Rc8 34. Kb2 Qg2 35. Rf2 Qg4 36. Bxb4 Bd5 37. Qe7 Qd4+ 38. Ka3 Qxf2 39. c4 Bc6 40. Bc5 Qxh2 41. Kb4 Qxe5 42. Bd6 Qe1+ 43. Ka3 Qa5+ 44. Kb2 Be4 45. Bb4 Qe5+ 46. Bc3 Qh2+ 47. Ka3 Qc7 48. Qh4 Qc5+ 49. Kb2 Qf5 50. Qg3 f6 51. a4 e5 52. Qe3 Qf4 53. Qa7 Bf5 54. a5 e4 55. Qxa6 e3 56. Qd6 Qxd6 57. b4 e2 58. b5 Qd1 59. b6 e1=Q 60. Bxe1 Qxe1 61. b7 Qd2+ 62. Kb3 Rb8 63. a6 Qa5 64. c5 Qxa6 65. Kb4 Qxb7+ 66. Kc3 Qc6 67. Kd4 Rc8 0-1


[Site "https://www.chess.com"]